 Dungeon Crawl Stone Soup version 0.23.2-30-g0e89c35649 (webtiles) character file.

Game seed: 7018321183693636820

50 wutend the Skirmisher (level 3, -1/30 (33) HPs)
             Began as a Ghoul Monk on June 20, 2019.
             Slain by a hobgoblin
             ... wielding a +0 club
              (4 damage)
             ... on level 2 of the Dungeon.
             The game lasted 00:03:20 (842 turns).

wutend the Skirmisher (Ghoul Monk)                   Turns: 842, Time: 00:03:20

HP:   -1/30 (33)    AC:  2    Str: 14    XL:     3   Next: 79%
MP:   2/2           EV: 13    Int:  5    God:
Gold: 36            SH:  0    Dex: 12    Spells: 2/2 levels left

rFire    . . .     SeeInvis .     - Unarmed
rCold    + . .     Gourm    .   (no shield)
rNeg     + + +     Faith    .   a - +0 robe
rPois    ∞         Spirit   .   (no helmet)
rElec    .         Reflect  .   (no cloak)
rCorr    .         Harm     .   (no gloves)
MR       .....                  (no boots)
Stlth    ++........             (no amulet)
HPRegen  0.00/turn              (no ring)
MPRegen  0.08/turn              (no ring)

@: rotting
A: rotting body, claws 1, carnivore, cold resistance 1, negative energy
resistance 3, inhibited regeneration, torment resistance, unbreathing
a: no special abilities


You were on level 2 of the Dungeon.
You were not hungry.

You visited 1 branch of the dungeon, and saw 2 of its levels.

You collected 36 gold pieces.

Inventory:

Missiles
 k - 6 tomahawks (quivered)
Armour
 a - a +0 robe (worn)
Scrolls
 d - a scroll of magic mapping {unknown}
 e - 2 scrolls of fear {unknown}
 h - a scroll of remove curse {unknown}
 i - a scroll of teleportation {unknown}
 j - a scroll of random uselessness {unknown}
Potions
 c - 2 potions of magic {unknown}
 f - a potion of agility {unknown}
 g - 3 potions of curing {unknown}
Comestibles
 b - 2 rations


   Skills:
 + Level 3.8 Fighting
 + Level 3.1 Dodging
 + Level 3.0 Stealth
 + Level 3.8 Unarmed Combat


You had 2 spell levels left.
You didn't know any spells.
Your spell library was empty.

Dungeon Overview and Level Annotations

Branches:
Dungeon (2/15)

Altars:


Innate Abilities, Weirdness & Mutations

Your body is rotting away.
You thrive on raw meat.
You are immune to poison.
You have sharp fingernails.
You are carnivorous and can eat meat at any time.
Your flesh is cold resistant. (rC+)
You are immune to negative energy. (rN+++)
You do not regenerate when monsters are visible.
You are immune to unholy pain and torment.
You can survive without breathing.


Message History

The hobgoblin closely misses you.
You scratch the worm.
The worm is almost dead.
The worm bites you.
You claw the worm!
You kill the worm!
Your Stealth skill increases to level 3!
The bat hits you but does no damage. The hobgoblin closely misses you.
You miss the bat. The bat barely misses you. The bat misses you.
The hobgoblin hits you with a +0 club.
* * * LOW HITPOINT WARNING * * *
You scratch the bat.
You kill the bat!
The bat barely misses you. x2; The kobold throws a stone.
The stone hits you.
* * * LOW HITPOINT WARNING * * *
The hobgoblin hits you with a +0 club.
* * * LOW HITPOINT WARNING * * *
You barely miss the bat. The bat barely misses you.
The hobgoblin hits you with a +0 club.
You die...

.# # #. #. #. .# # #.
###.#.# .## # #.
.....# ##.# # ..
....#.###..#### #.
.#.#...#....... #r
..# #.....†...#
##.###g##.##
##.....##)#
.....K†@.#.#
##....##.#
.....b#.#)##
##.....#... .....
#.##.###........#.
....
..###.#.##...##...
...
.######.##.#.####.#
..
...........###.###.#
.
....#####....#......#
.## #.###.#######
#............


You could see a hobgoblin, a bat, a kobold and a rat.

Vanquished Creatures
  An adder (D:2)
  An ooze (D:1)
  A worm (D:2)
  3 dart slugs
  A leopard gecko (D:1)
  2 giant cockroaches
  4 goblins
  2 hobgoblins (D:1)
  2 jackals (D:1)
  4 bats
  A frilled lizard (D:1)
  3 kobolds (D:1)
  3 rats
28 creatures vanquished.

Notes
Turn   | Place    | Note
-------+----------+-------------------------------------------
     0 | D:1      | wutend the Ghoul Monk began the quest for the Orb.
     0 | D:1      | Reached XP level 1. HP: 19/19 MP: 0/0
    58 | D:1      | Reached XP level 2. HP: 14/26 MP: 1/1
   225 | D:1      | Reached XP level 3. HP: 30/31 MP: 2/2
   842 | D:2      | Slain by a hobgoblin

Skill      XL: |  1  2  3 |
---------------+----------+-----
Dodging        | 3 |  3.1
Stealth        | 3 |  3.0
Fighting       | |  3.8
Unarmed Combat | |  3.8

Action                   || total
-------------------------++-------
Melee: Unarmed           ||    77
       Punch             ||     3
 Stab: Sleeping          ||     2
  Eat: Chunk             ||     5
Armor: Robe              ||     9
Dodge: Dodged            ||    50
